 Dungeon Crawl Stone Soup version 0.30.0-29-ga12c61a403 (webtiles) character file.

Game seed: 14808047182986868979

383 Josd the Ruffian (level 6, -2/57 HPs)
             Began as a Troll Warper on June 8, 2023.
             Slain by a gnoll
             ... wielding a +0 spear
             ... led by a gnoll bouda
              (7 damage)
             ... on level 4 of the Dungeon.
             The game lasted 00:05:49 (2458 turns).

Josd the Ruffian (Troll Warper)                     Turns: 2458, Time: 00:05:49

Health: -2/57      AC:  4    Str: 22    XL:     6   Next: 47%
Magic:  7/7        EV: 10    Int:  9    God:
Gold:   143        SH:  0    Dex: 15    Spells: 7/7 levels left

rFire   . .          .
                       - Unarmed
rCold   . . .        (no shield)
rNeg    + . .        a - +0 robe
rPois   .            (helmet restricted)
rElec   .            (no cloak)
rCorr   .            (gloves unavailable)
SInv    .            (boots unavailable)
Will    .....        (no amulet)
Stlth   ++           e - ring of positive energy
HPRegen 1.09/turn    g - +6 ring of dexterity
MPRegen 0.10/turn

%: no passive effects
@: no status effects
A: large, unfitting armour, claws 3, regeneration 1, shaggy fur 1, tough skin 1
a: no special abilities


You were on level 4 of the Dungeon.
You visited 1 branch of the dungeon, and saw 4 of its levels.

You collected 143 gold pieces.

Inventory:

Missiles
 c - 10 boomerangs of dispersal (quivered)
 u - 6 silver boomerangs
 v - 2 throwing nets
Armour
 a - a +0 robe (worn)
Jewellery
 e - a ring of positive energy (left claw)
 g - a +6 ring of dexterity (right claw)
Wands
 t - a wand of iceblast (13)
 w - a wand of acid (9)
Scrolls
 d - 2 scrolls of noise
 f - 2 scrolls of butterflies
 i - a scroll of poison {unknown}
 k - 3 scrolls of teleportation
 m - a scroll of fog {unknown}
 n - a scroll of fear
 q - 2 scrolls of immolation
Potions
 h - a potion of heal wounds
 j - a potion of mutation {unknown}
 l - a potion of degeneration {unknown}
 o - a potion of berserk rage {unknown}
 p - a potion of attraction {unknown}
 r - a potion of curing
 s - a potion of cancellation {unknown}


   Skills:
 + Level 2.2 Fighting
 + Level 0.8 Throwing
 + Level 2.8 Dodging
 + Level 1.1 Stealth
 + Level 5.0 Unarmed Combat
 + Level 1.3 Spellcasting
 + Level 2.9 Translocations


You had 7 spell levels left.
You didn't know any spells.
Your spell library contained the following spells:

 Spells                   Type           Power      Damage    Failure   Level
 Blink                    Tloc           10%        N/A       16%         2
 Lesser Beckoning         Tloc           10%        N/A       16%         2
 Teleport Other           Tloc           5%         N/A       32%         3
 Vhi's Electric Charge    Tloc/Air       6%         N/A       52%         3
 Manifold Assault         Tloc           5%         N/A       71%         4


Dungeon Overview and Level Annotations

Branches:
Dungeon (4/15)
 Temple: D:4-7

Altars:
Qazlal

Shops:
D:2 (   D:3 (


Innate Abilities, Weirdness & Mutations

You are too large for most types of armour.
You have claws for hands.
Your natural rate of healing is unusually fast.
You are covered in fur. (AC +1)
You have tough skin. (AC +1)


Message History

The gnoll is heavily wounded.
The gnoll hits you but does no damage.
You claw the gnoll!
You kill the gnoll!
You scratch the gnoll bouda but do no damage.
The gnoll bouda closely misses you. The gnoll hits you but does no damage.
You claw the gnoll bouda!
The gnoll bouda is heavily wounded.
Your attacks no longer feel as feeble.
The gnoll bouda hits you with a +0 whip!
The gnoll hits you from afar with a +0 spear!
* * * LOW HITPOINT WARNING * * *
You closely miss the gnoll bouda.
The gnoll bouda is heavily wounded.
The gnoll bouda misses you. The gnoll closely misses you.
Throw: 11 boomerangs (disperse)
Press: ? - help, Q - select action, (/) - cycle Shift-Dir - straight line, f - gnoll bouda
Aim: a gnoll bouda, wielding a +0 whip and wearing a +0 leather armour (heavily wounded, 63% to hit)
You throw a boomerang of dispersal.
The boomerang of dispersal hits the gnoll bouda and shatters for extra damage!
The gnoll bouda blinks!
The gnoll bouda is almost dead.
The gnoll bouda mumbles some strange prayers to its god.
The gnoll bouda is healed somewhat.
The gnoll hits you but does no damage.
The gnoll bouda barks out a call to the hunt!
You are too injured to fight recklessly!
You are too injured to fight recklessly!
The gnoll hits you with a +0 spear!
* * * LOW HITPOINT WARNING * * *
You completely miss the gnoll. The gnoll hits you with a +0 spear!
* * * LOW HITPOINT WARNING * * *
You scratch the gnoll.
The gnoll is heavily wounded.
The gnoll hits you with a +0 spear.
* * * LOW HITPOINT WARNING * * *
Blink to where?
Press: ? - help, Dir - move target
As you read the scroll of blinking, it crumbles to dust.
The gnoll hits you from afar with a +0 spear!
You die...

#.........# #.#
#..[......# #.#####.
#........J####.......
#.......gKg).g..####..#
#.##..##.#####........#
.................###..
###.##.###.####.g.# #
#.###.# #...# .
#.....####.@.###...
#.######..............
#.............<.###...
########.####.#.# #
#........# ######.###
#.# #.# #.#


You could see a gnoll (swift) and a hobgoblin.

Vanquished Creatures
  Sigmund (D:2)
  Jessica (D:2)
  8 gnolls
  3 adders
  A worm (D:2)
  3 dart slugs
  2 orcs (D:3)
  6 endoplasms
  6 giant cockroaches
  9 goblins
  4 hobgoblins
  2 jackals (D:2)
  3 quokkas (D:1)
  5 ball pythons
  7 bats
  A frilled lizard (D:2)
  11 kobolds
  12 rats
85 creatures vanquished.

Notes
Turn   | Place    | Note
-------+----------+-------------------------------------------
     0 | D:1      | Josd the Troll Warper began the quest for the Orb.
     0 | D:1      | Reached XP level 1. HP: 19/19 MP: 1/1
    89 | D:1      | Reached XP level 2. HP: 28/28 MP: 2/2
   433 | D:1      | Reached XP level 3. HP: 35/35 MP: 3/3
   839 | D:2      | Found Qopluj's Weapon Shop.
  1003 | D:2      | Found a stormy altar of Qazlal.
  1003 | D:2      | Noticed Sigmund
  1008 | D:2      | Killed Sigmund
  1009 | D:2      | Reached skill level 4 in Unarmed Combat
  1009 | D:2      | Reached XP level 4. HP: 42/42 MP: 3/5
  1009 | D:2      | Reached XP level 5. HP: 49/49 MP: 3/6
  1108 | D:2      | Noticed Jessica
  1122 | D:2      | Killed Jessica
  1276 | D:2      | Reached XP level 6. HP: 57/57 MP: 7/7
  1823 | D:3      | Found Puarem's Antique Weapon Shoppe.
  1945 | D:3      | Reached skill level 1 in Stealth
  2441 | D:4      | Reached skill level 5 in Unarmed Combat
  2454 | D:4      | HP: 1/57 [gnoll/+0 spear[a gnoll bouda] (5)]
  2458 | D:4      | Slain by a gnoll

Illustrated notes

Levels and vault maps discovered:
D:1:      dpeg_arrival_central, layout_basic
D:2:      layout_loops_cross, serial_shops, nicolae_shop_pleasant_corner_grove,
          basic_altar, uniq_jessica, uniq_sigmund
D:3:      layout_loops_ring, serial_shops, shop, supply_closet_lemuel
D:4:      layout_basic, chequers_temple_overflow_statue_of_worship,
          corexii_hall_statues_l, dk_rats_in_the_wall

Skill      XL: |  1  2  3  4  5  6 |
---------------+-------------------+-----
Dodging        | 2 |  2.8
Fighting       | 2 |  2.2
Unarmed Combat | 4 5 |  5.0
Stealth        | 1 |  1.1
Throwing       | |  0.8
Spellcasting   | |  1.3
Translocations | |  2.9

Action                     |  1- 3 |  4- 6 || total
---------------------------+-------+-------++-------
  Melee: Unarmed           |    92 |   108 ||   200
         Punch             |       |     3 ||     3
  Throw: Boomerang         |       |     1 ||     1
    Use: Scroll            |       |     8 ||     8
   Stab: Sleeping          |     2 |     6 ||     8
 Armour: Robe              |    23 |    30 ||    53
  Dodge: Dodged            |    41 |    41 ||    82
